Map: Dusk Towers

Players

Honor - Winner!

  • Race: Protoss Protoss
  • League: Master

A.I. 1 (Elite)

  • Race: Zerg Zerg

VOD

Have the link to the VOD?

Description

Time

  • Played on: Nov. 30, 2015, 12:05 p.m.
  • Length: 5:15
Show
View Real Time Build Order
Export as new Build Order

Honor Protoss - Winner!

Build Orders:  

Get SALT Encoding   

  12  0:01  Probe (Chrono Boost)  
  13  0:11  Probe (Chrono Boost)  
  14  0:18  Pylon  
  14  0:22  Probe (Chrono Boost)  
  15  0:36  Probe (Chrono Boost)  
  15  0:37  Gateway  
  16  0:44  Assimilator  
  16  0:47  Probe (Chrono Boost)  
  17  0:57  Probe (Chrono Boost)  
  17  1:02  Gateway  
  18  1:08  Probe (Chrono Boost)  
  20  1:18  Probe (Chrono Boost)  
  20  1:24  Cybernetics Core  
  20  1:27  Zealot (Chrono Boost)  
  22  1:36  Pylon  
  22  1:54  Zealot (Chrono Boost)  
  22  1:55  Zealot (Chrono Boost)  
  22  2:01  Warp Gate (Chrono Boost)  
  26  2:03  Mothership Core  
  28  2:14  Pylon  
  28  2:21  Stalker  
  30  2:33  Gateway x2  
  30  2:42  Stalker  
  32  2:48  Pylon  
  32  2:57  Stalker  
  34  3:08  Pylon  
  34  3:17  Stalker (Chrono Boost)  
  36  3:49  Stalker  
  36  3:50  Zealot  
  36  3:51  Zealot  
  36  3:54  Stalker  
  44  4:03  Pylon  
  40  4:12  Stalker, Zealot  
  40  4:13  Zealot  
  40  4:15  Zealot  
  44  4:33  Stalker  
  44  4:35  Zealot  
  46  4:39  Pylon  
  46  4:42  Zealot  
  48  4:50  Stalker  
  46  4:58  Zealot  
Show
View Real Time Build Order
Export as new Build Order

A.I. 1 (Elite) Zerg 

Build Orders: Pool First 

Get SALT Encoding   

  12  0:00  Drone  
  13  0:12  Overlord  
  13  0:17  Drone  
  14  0:30  Drone x2  
  16  0:43  Spawning Pool  
  16  0:44  Drone  
  16  0:49  Drone  
  17  1:13  Hatchery, Drone  
  17  1:17  Extractor  
  16  1:19  Drone  
  16  1:23  Drone  
  18  1:28  Drone  
  19  1:38  Overlord  
  19  1:49  Drone  
  19  1:50  Queen  
  22  1:58  Extractor  
  22  1:59  Zergling x2  
  22  2:10  Drone  
  23  2:21  Drone  
  24  2:25  Drone  
  24  2:26  Queen  
  27  2:32  Drone  
  27  2:35  Drone  
  29  2:46  Roach Warren  
  29  2:48  Drone  
  29  2:52  Drone  
  29  2:55  Zergling x2  
  29  2:58  Zergling x2  
  32  3:04  Overlord  
  32  3:06  Drone  
  32  3:10  Drone  
  34  3:25  Roach x2  
  34  3:26  Roach  
  39  3:28  Roach  
  39  3:29  Zergling x2  
  39  3:31  Zergling x2  
  42  3:39  Lair  
  42  3:43  Overlord  
  42  3:48  Overlord  
  42  3:50  Zergling x2  
  42  3:53  Zergling x2  
  44  4:00  Roach  
  44  4:01  Zergling x2  
  44  4:02  Zergling x2  
  44  4:04  Zergling x2  
  44  4:09  Roach  
  42  4:13  Roach  
  40  4:17  Zergling x2  
  40  4:18  Zergling x2  
  40  4:21  Zergling x2  
Tags
 
Add a new tag
Caveats
  • Supply blocks, unpowered buildings, or Contaminate may cause inaccurate times.
  • Supply counts are checked every 10 seconds.